 Dungeon Crawl Stone Soup version 0.30.1-4-g462c640d31 (webtiles) character file.

Game seed: 3572869764603341

29684 Anriel the Markself (level 13, -32/72 HPs)
             Began as a Deep Elf Hunter on Aug 31, 2023.
             Was a High Priest of Okawaru.
             Killed by an exploding Jorgrun (35 damage)
             ... ignited by their inner flame
             ... on level 12 of the Dungeon.
             The game lasted 01:19:16 (11353 turns).

Anriel the Markself (Deep Elf Hunter)              Turns: 11353, Time: 01:19:17

Health: -32/72     AC: 15    Str: 13    XL:     13   Next: 16%
Magic:  14/22      EV: 22    Int: 18    God:    Okawaru [*****.]
Gold:   443        SH: 18    Dex: 22    Spells: 18/22 levels left

rFire   . . .        d - +4 hand crossbow of the Gnashing Owl {penet, rElec Str+2 Int+2}
rCold   . . .        F - +5 Storm Queen's Shield {shock, Fly rElec}
rNeg    . . .        N - +1 troll leather armour
rPois   .            l - +2 helmet {SInv}
rElec   +            O - +0 cloak
rCorr   .            K - +2 pair of gloves {Str+3}
SInv    +            (no boots)
Will    +....        G - amulet of the acrobat
Stlth   ++++++++     j - ring of Shadows {Umbra +Inv Stlth+}
HPRegen 1.12/turn    o - ring of wizardry
MPRegen 0.18/turn

%: acrobat, wizardry (x1)
@: about to teleport, heroic, flying, wreathed by umbra
A: no striking features
a: Renounce Religion, Evoke Invisibility, Heroism, Finesse, Duel


You were on level 12 of the Dungeon.
You worshipped Okawaru.
Okawaru was extremely pleased with you.
You visited 2 branches of the dungeon, and saw 13 of its levels.
You also visited: Bailey and Ice Cave.

You collected 724 gold pieces.
You spent 281 gold pieces at shops.

Inventory:

Hand Weapons
 a - a +3 heavy shortbow
 d - the +4 hand crossbow of the Gnashing Owl (weapon) {penet, rElec Str+2 Int+2}
   (You acquired it on level 2 of the Dungeon)

   Str:       It affects your strength (+2).
   Int:       It affects your intelligence (+2).
   rElec:     It insulates you from electricity.
 h - a +2 triple crossbow of electrocution
 n - the +7 rapier of Crystal {speed, rF+}
   (You found it on level 5 of the Dungeon)

   rF:        It protects you from fire.
 v - a +5 arbalest of flaming
 H - a +2 longbow of freezing
 L - the +4 sling of Peace {freeze, rN++ Int+2}
   (You found it on level 11 of the Dungeon)

   Int:       It affects your intelligence (+2).
   rN:        It greatly protects you from negative energy.
 R - a +2 heavy longbow
Missiles
 k - a throwing net
 z - 6 boomerangs of dispersal
Armour
 l - a +2 helmet of see invisible (worn)
 q - the +1 ring mail of the Stone Wall {Rampage rCorr Dex-2 SInv}
   (You found it on level 4 of the Dungeon)

   Dex:       It affects your dexterity (-2).
   SInv:      It lets you see invisible.
   rCorr:     It protects you from acid and corrosion.
   Rampage:   It bestows one free step when moving towards enemies.
 A - +0 acid dragon scales
 F - the +5 Storm Queen's Shield (worn) {shock, Fly rElec}
   (You acquired it on level 8 of the Dungeon)

   Shock:     When it blocks an attack, it may electrocute the attacker.
   This works even against foes who are a short distance away.
   rElec:     It insulates you from electricity.
   Fly:       It grants you flight.
 K - a +2 pair of gloves of strength (worn)
 M - the +1 robe of Lisomiy {Int+3}
   (Okawaru gifted it to you on level 11 of the Dungeon)

   Int:       It affects your intelligence (+3).
 N - a +1 troll leather armour (worn)
 O - a +0 cloak (worn)
 P - a +2 leather armour of resistance
 Q - a +1 crystal plate armour of cold resistance
Jewellery
 j - the ring of Shadows (left hand) {Umbra +Inv Stlth+}
   (You found it on level 3 of the Dungeon)

   [ring of stealth]

   Umbra:     It surrounds you with an aura of shadow, increasing your stealth
   and reducing the accuracy of all others within it.
   +Inv:      It lets you turn invisible.
   Stlth:     It makes you more stealthy.
 o - a ring of wizardry (right hand)
 C - a ring of see invisible
 D - a ring of magical power
 G - an amulet of the acrobat (around neck)
Wands
 s - a wand of iceblast (20)
 y - a wand of flame (23)
Scrolls
 b - a scroll of immolation
 g - 3 scrolls of teleportation
 m - 3 scrolls of brand weapon
 r - 2 scrolls of poison
 t - 2 scrolls of identify
 u - a scroll of amnesia
 x - 2 scrolls of fog
Potions
 c - a potion of brilliance
 e - 4 potions of curing
 i - 5 potions of might
 p - 2 potions of flight
 B - 2 potions of lignification
 E - 4 potions of magic
 I - 3 potions of invisibility
 S - a potion of haste


   Skills:
 - Level 5.2(10.2) Fighting
 + Level 17.8(22.8) Ranged Weapons
 - Level 5.0(10.0) Armour
 + Level 9.8(14.8) Dodging
 - Level 5.0(10.0) Stealth
 - Level 5.6(10.6) Shields
 - Level 5.2 Spellcasting
 - Level 5.0 Hexes
 - Level 5.0 Translocations
 + Level 8.3 Invocations
 + Level 5.1 Evocations


You had 18 spell levels left.
You knew the following spells:

 Your Spells              Type           Power      Damage    Failure   Level
a - Portal Projectile     Hex/Tloc       44%        N/A       6%          3
b - Slow                  Hex            88%        N/A       1%          1

Your spell library contained the following spells:

 Spells                   Type           Power      Damage    Failure   Level
 Apportation              Tloc           44%        N/A       1%          1
 Lesser Beckoning         Tloc           44%        N/A       3%          2
 Confusing Touch          Hex            22%        N/A       6%          3
 Gell's Gravitas          Tloc           22%        N/A       6%          3
 Teleport Other           Tloc           22%        N/A       6%          3
 Magic Dart               Conj           16%        1d3       16%         1
 Necrotise                Necr           16%        1d4       16%         1
 Mephitic Cloud           Conj/Pois/Air  4%         N/A       41%         3
 Vampiric Draining        Necr           4%         2d6       41%         3
 Alistair's Intoxication  Tmut/Pois      2%         N/A       98%         5
 Blade Hands              Tmut           2%         N/A       98%         5
 Tukima's Dance           Hex            Unusable   N/A       N/A         3
 Summon Small Mammal      Summ           Unusable   N/A       N/A         1
 Call Imp                 Summ           Unusable   N/A       N/A         2

Dungeon Overview and Level Annotations

Branches:
Dungeon (12/15)            Temple (1/1) D:7            Lair (0/5) D:8
    Orc (0/2) D:11         Bailey (visited)           IceCv (visited)

Altars:
Ashenzari
Cheibriados
Dithmenos
Elyvilon
Fedhas
Gozag
Hepliaklqana
Kikubaaqudgha
Makhleb
Nemelex Xobeh
Okawaru
Qazlal
Ru
Sif Muna
Trog
Uskayaw
Vehumet
Wu Jian
Xom
Yredelemnul
Zin
The Shining One

Shops:
D:4 [   D:6 ((?:

Portals:
Trove: D:10 (give +7 demon blade)


Message History

The manticore is severely wounded.
Jorgrun points at you and mumbles some strange words.
Roots burst forth from the earth!
The grasping roots grab you! The grasping roots constrict you!
The manticore is engulfed in blazing flames.
Flame seeps out of the manticore.
The orange demon is engulfed in blazing flames.
You kill the orange demon!
The orange demon disappears in a puff of smoke!
The roots grasp on you weakens, but your attempt to escape fails.
Jorgrun barely misses you. The grasping roots constrict you.
* * * LOW HITPOINT WARNING * * *
The manticore bites you!
* * * LOW HITPOINT WARNING * * *
You block the manticore's attack. x2
Unknown command.
You feel much better. You block Jorgrun's attack.
Your shield discharges, shocking Jorgrun!
Flame seeps out of Jorgrun.
The grasping roots constrict you. The manticore misses you.
You block the manticore's attack. x2
Your shield discharges, shocking the manticore!
Flame seeps out of the manticore.
As you read the scroll of teleportation, it crumbles to dust.
You feel strangely unstable.
Jorgrun is engulfed in blazing flames.
Flame seeps out of Jorgrun.
Jorgrun hits you with a staff of earth! The grasping roots constrict you!
* * * LOW HITPOINT WARNING * * *
The manticore is engulfed in blazing flames.
Okawaru accepts your kill.
The manticore explodes!
The fiery explosion engulfs the iron imp.
The iron imp completely resists.
The fiery explosion engulfs you!
* * * LOW HITPOINT WARNING * * *
The fiery explosion engulfs Jorgrun!!!
Okawaru is honoured by your kill.
Jorgrun explodes!
The fiery explosion engulfs the iron imp.
The iron imp completely resists.
The fiery explosion engulfs you!!
You die...

######.......#..# #......
#............#..# #......
#............#).# #......
#............#... #......
#............#..# #......
#..?.........'..# #......
#############.§§# #...##.
......h..).§§§§○##### #######
...........§§☼5○@...#############
...........§§§§.§........8#8.....
...........5######........#......
..........5.# #.......©#©.....
...#+##.#...# #........#......
...# ......# #.......8#8.....
...# ...#...# #..#############
...# #...........# #.####+#.....


You could see an iron imp (summoned) and a white imp (summoned).

Vanquished Creatures
  Jorgrun (D:12)
  A frost giant (IceCv)
  A catoblepas (D:11)
  A boulder beetle (D:9)
  2 vault guards (Bailey)
  A centaur warrior (D:9)
  5 death yaks (IceCv)
  The ghost of Almogavar the Basher, a journeyman GrFi of the Shining One (D:10)
  4 two-headed ogres
  2 manticores (D:12)
  2 cyclopes
  An ugly thing (IceCv)
  An ice statue (IceCv)
  10 rime drakes
  2 kobold demonologists
  3 trolls
  4 polar bears (IceCv)
  Prince Ribbit (D:8)
  A blink frog (Bailey)
  3 slime creatures (D:12)
  A wraith (D:11)
  3 shadows
  5 humans (Bailey)
  34 yaks
  2 vampire mosquitoes (D:12)
  2 acid dragons
  Duvessa (D:4)
  5 orc warriors
  A black bear (D:6)
  5 ogres
  10 wolves
  9 centaurs
  6 kobold brigands
  Blork the orc (D:4)
  6 bullfrogs
  5 gnoll sergeants
  A scorpion (D:6)
  3 wights (D:7)
  18 killer bees
  Dowan (D:4)
  An electric eel (D:6)
  7 howler monkeys
  4 hounds
  7 orc priests
  2 sleepcaps
  A gnoll bouda (D:9)
  4 iguanas
  10 orc wizards
  13 gnolls
  7 adders
  A shadow imp (D:7)
  2 white imps
  2 ufetubi
  4 worms
  A dart slug (D:2)
  50 orcs
  5 ball pythons
  5 bats
  9 endoplasms
  3 giant cockroaches
  8 goblins
  11 hobgoblins
  18 kobolds
  7 quokkas
  6 frilled lizards
  5 rats
359 creatures vanquished.

Notes
Turn   | Place    | Note
-------+----------+-------------------------------------------
     0 | D:1      | Anriel the Deep Elf Hunter began the quest for the Orb.
     0 | D:1      | Reached XP level 1. HP: 12/12 MP: 3/3
    84 | D:1      | Reached XP level 2. HP: 17/17 MP: 4/4
   555 | D:2      | Reached XP level 3. HP: 22/22 MP: 5/5
  1260 | D:2      | Reached XP level 4. HP: 27/27 MP: 6/6
  1321 | D:2      | Identified a scroll of acquirement
  1321 | D:2      | Acquired the +4 hand crossbow of the Gnashing Owl {penet,
                  | rElec Str+2 Int+2}
  1383 | D:3      | Found an ancient bone altar of Kikubaaqudgha.
  1500 | D:3      | Found the ring of Shadows {Umbra +Inv Stlth+}
  1518 | D:3      | Found a basalt altar of Yredelemnul.
  2207 | D:4      | Found Woq Ise's Antique Armour Emporium.
  2253 | D:4      | Reached XP level 5. HP: 30/32 MP: 7/7
  2260 | D:4      | Reached skill level 6 in Ranged Weapons
  2339 | D:4      | Found a shimmering blue altar of Sif Muna.
  2394 | D:4      | Noticed Dowan
  2395 | D:4      | Noticed Duvessa
  2465 | D:4      | Found a white marble altar of Elyvilon.
  2465 | D:4      | Found a glowing golden altar of the Shining One.
  2513 | D:4      | Found a glowing silver altar of Zin.
  2649 | D:4      | Noticed Blork the orc
  2651 | D:4      | Killed Blork the orc
  2667 | D:4      | Identified the +1 ring mail of the Stone Wall {Rampage
                  | rCorr Dex-2 SInv}
  2844 | D:4      | Killed Duvessa
  2845 | D:4      | Reached skill level 7 in Ranged Weapons
  2845 | D:4      | Reached XP level 6. HP: 37/37 MP: 8/8
  2849 | D:4      | Killed Dowan
  2918 | D:5      | Entered Level 5 of the Dungeon
  3106 | D:5      | Found an iron altar of Okawaru.
  3119 | D:5      | Became a worshipper of Warmaster Okawaru
  3141 | D:5      | Identified the +7 rapier of Crystal {speed, rF+}
  3160 | D:5      | Reached XP level 7. HP: 41/41 MP: 9/9
  3210 | D:5      | Reached skill level 8 in Ranged Weapons
  3210 | D:5      | Reached skill level 5 in Dodging
  3210 | D:5      | Reached skill level 5 in Stealth
  3565 | D:5      | Found a bloodstained altar of Trog.
  3677 | D:4      | Bought a runed helmet for 225 gold pieces
  3739 | D:6      | Reached skill level 1 in Armour
  3739 | D:6      | Reached skill level 1 in Invocations
  3744 | D:6      | Found Nulaceula's Antique Weapon Shop.
  3761 | D:6      | Reached * piety under Okawaru
  3857 | D:6      | Found Jocog's Weapon Shop.
  4096 | D:6      | Found Udolypus's Book Emporium.
  4136 | D:6      | Reached XP level 8. HP: 44/46 MP: 11/11
  4150 | D:6      | Found a burning altar of Makhleb.
  4317 | D:6      | Found Xanepsaf's Magic Scroll Boutique.
  4320 | D:6      | Bought a scroll of identify for 28 gold pieces
  4320 | D:6      | Bought a scroll of identify for 28 gold pieces
  4425 | D:6      | Reached skill level 9 in Ranged Weapons
  4733 | D:7      | Found a staircase to the Ecumenical Temple.
  4739 | D:7      | Reached ** piety under Okawaru
  4789 | Temple   | Entered the Ecumenical Temple
  4880 | D:7      | Reached skill level 5 in Armour
  4880 | D:7      | Reached XP level 9. HP: 32/50 MP: 14/14
  5110 | D:7      | You fall into a shaft and drop 1 floor!
  5190 | D:8      | Reached *** piety under Okawaru
  5191 | D:8      | Reached skill level 1 in Evocations
  5193 | D:8      | Reached skill level 10 in Ranged Weapons
  5195 | D:8      | Reached skill level 5 in Invocations
  5236 | D:8      | Reached skill level 1 in Spellcasting
  5368 | D:7      | Found a hazy altar of Hepliaklqana.
  5561 | D:8      | Reached skill level 5 in Evocations
  5601 | D:8      | Noticed a rime drake
  5686 | D:8      | Killed a rime drake
  5687 | D:8      | Reached skill level 11 in Ranged Weapons
  5929 | D:8      | Noticed Prince Ribbit
  5938 | D:8      | Killed Prince Ribbit
  5938 | D:8      | Reached **** piety under Okawaru
  5939 | D:8      | Reached XP level 10. HP: 57/57 MP: 16/18
  6003 | D:8      | Found a staircase to the Lair.
  6219 | D:8      | Learned a level 3 spell: Portal Projectile
  6524 | D:8      | Acquired the +5 Storm Queen's Shield {shock, Fly rElec}
  6524 | D:8      | Found the +5 Storm Queen's Shield {shock, Fly rElec}
  6733 | D:9      | Noticed a centaur warrior
  6742 | D:9      | Killed a centaur warrior
  6743 | D:9      | Reached skill level 5 in Fighting
  6743 | D:9      | Reached skill level 5 in Spellcasting
  6840 | D:9      | Reached skill level 1 in Shields
  6840 | D:9      | Reached skill level 1 in Hexes
  6846 | D:9      | Reached skill level 12 in Ranged Weapons
  6846 | D:9      | Reached ***** piety under Okawaru
  7422 | D:9      | Noticed a two-headed ogre
  7435 | D:9      | Killed a two-headed ogre
  7435 | D:9      | Received a gift from Okawaru
  7548 | D:9      | Noticed a boulder beetle
  7565 | D:9      | Killed a boulder beetle
  7566 | D:9      | Reached XP level 11. HP: 45/64 MP: 20/20
  7748 | D:10     | Entered Level 10 of the Dungeon
  7810 | D:10     | Found a portal to a secret trove of treasure.
  7831 | D:10     | Found a sparkling altar of Nemelex Xobeh.
  7894 | D:10     | Found a flagged portal.
  8072 | Bailey   | Entered a bailey
  8103 | Bailey   | Reached skill level 5 in Hexes
  8124 | Bailey   | Reached skill level 1 in Translocations
  8141 | Bailey   | Noticed a vault guard
  8149 | Bailey   | Killed a vault guard
  8150 | Bailey   | Reached skill level 5 in Shields
  8157 | Bailey   | Noticed a vault guard
  8161 | Bailey   | Reached skill level 13 in Ranged Weapons
  8163 | Bailey   | Killed a vault guard
  8317 | D:10     | Received a gift from Okawaru
  8558 | D:10     | Found a large runed translucent door.
  8559 | D:10     | Noticed a two-headed ogre
  8589 | D:10     | Killed a two-headed ogre
  8645 | D:10     | Found a large runed translucent door.
  8649 | D:10     | Noticed Almogavar's ghost (journeyman GrFi)
  8817 | D:10     | Noticed a two-headed ogre
  8822 | D:10     | Killed a two-headed ogre
  8974 | D:10     | Killed Almogavar's ghost
  8975 | D:10     | Reached skill level 14 in Ranged Weapons
  9251 | D:11     | Identified the +4 sling of Peace {freeze, rN++ Int+2}
  9486 | D:11     | Reached skill level 5 in Translocations
  9486 | D:11     | Reached XP level 12. HP: 68/68 MP: 21/21
  9552 | D:11     | Reached skill level 15 in Ranged Weapons
  9552 | D:11     | Noticed a two-headed ogre
  9556 | D:11     | Killed a two-headed ogre
  9556 | D:11     | Identified the +1 robe of Lisomiy {Int+3} (Okawaru gifted
                  | it to you on level 11 of the Dungeon)
  9556 | D:11     | Received a gift from Okawaru
  9656 | D:11     | Learned a level 1 spell: Slow
  9717 | D:11     | Noticed a catoblepas
  9735 | D:11     | Killed a catoblepas
  9976 | D:11     | Found a staircase to the Orcish Mines.
 10441 | D:12     | Found a frozen archway.
 10456 | D:12     | Reached skill level 16 in Ranged Weapons
 10502 | IceCv    | Entered an ice cave
 10533 | IceCv    | Noticed a death yak
 10548 | IceCv    | Killed a death yak
 10599 | IceCv    | Noticed a death yak
 10637 | IceCv    | Killed a death yak
 10765 | IceCv    | Noticed a frost giant
 10771 | IceCv    | Noticed a death yak
 10784 | IceCv    | Killed a death yak
 10785 | IceCv    | Reached skill level 17 in Ranged Weapons
 10785 | IceCv    | Killed a frost giant
 10786 | IceCv    | Received a gift from Okawaru
 10809 | IceCv    | Noticed a death yak
 10825 | IceCv    | Killed a death yak
 10826 | IceCv    | Reached XP level 13. HP: 72/72 MP: 15/22
 11180 | D:12     | Found a transporter.
 11332 | D:12     | Noticed Jorgrun
 11353 | D:12     | HP: 3/72 [spore (9)]
 11353 | D:12     | Killed Jorgrun
 11353 | D:12     | Killed by an exploding Jorgrun... ignited by their inner
                  | flame

Illustrated notes

Levels and vault maps discovered:
D:1:      onia_arrival_pyramid, layout_rooms, minmay_misc_feat_tiny
D:2:      minmay_razor_zed, layout_basic, chequers_serial_rivers_large_b
D:3:      layout_basic, mainiacjoe_overflow_chevrons,
          mainiacjoe_overflow_tiny_flanked
D:4:      layout_gridville, nicolae_overflow_two_pavilions, lemuel_tele_altar,
          mainiacjoe_overflow_concentric_impassable, serial_shops,
          nicolae_square_shop, st_stairs_10, uniq_duvessa, uniq_blork_the_orc
D:5:      layout_loops_ring, okawaru_ov_weapons_minmay, trog_butcher_becter
D:6:      layout_basic, makhleb_blood_cavern_becter, serial_shops,
          kennysheep_mini_moat, nicolae_shop_pleasant_corner_grove, shop, shop,
          serial_bayou_lagoon_a, hangedman_decor_peaks_small,
          grunt_decor_clamped
D:7:      layout_basic, kennysheep_mini, minmay_temple_entry_mini_moons,
          grunt_ministairs_2
D:8:      layout_layer_cave, hellmonk_lair_entry_icy, uniq_prince_ribbit1
D:9:      layout_long_grid
D:10:     layout_irregular_city, mainiacjoe_overflow_alcove_2, enter_bailey_8,
          enter_trove_2, ebering_ghost_disaster_area
D:11:     layout_layer_cave, kennysheep_orc_monster_closet_entryway
D:12:     layout_irregular_city, portal_ice_cave_rime, nicolae_diode_basic,
          uniq_jorgrun
Temple:   minmay_freezing_vapour_temple

Skill      XL: |  1  2  3  4  5  6  7  8  9 10 11 12 13 |
---------------+----------------------------------------+-----
Fighting       | 2 3 4 5 |  5.2
Stealth        | 2 3 4 5 |  5.0
Dodging        | 3 4 5 6 9 |  9.8
Ranged Weapons | 7 8 9 11 12 14 17 | 17.8
Armour         | 2 5 |  5.0
Invocations    | 2 4 5 7 8 |  8.3
Evocations     | 5 |  5.1
Spellcasting   | 4 5 |  5.2
Shields        | 4 5 |  5.6
Hexes          | 4 5 |  5.0
Translocations | 5 |  5.0

Action                     |  1- 3 |  4- 6 |  7- 9 | 10-12 | 13-15 || total
---------------------------+-------+-------+-------+-------+-------++-------
   Fire: Shortbow          |   115 |     4 |       |       |       ||   119
         Hand crossbow     |       |    73 |   178 |   392 |    67 ||   710
   Cast: Portal Projectile |       |       |       |     3 |     3 ||     6
 Invoke: Heroism           |       |       |       |     7 |     2 ||     9
         Finesse           |       |       |       |     5 |       ||     5
    Use: Scroll            |     2 |    16 |     5 |    10 |     5 ||    38
         Potion            |       |     2 |       |     5 |     2 ||     9
 Armour: Leather armour    |     9 |     2 |    14 |       |       ||    25
         Skin              |       |     8 |       |       |       ||     8
         Acid dragon scale |       |       |       |    34 |       ||    34
         Troll leather arm |       |       |       |     8 |    10 ||    18
  Dodge: Dodged            |    23 |    13 |    54 |    87 |    37 ||   214
  Block: Kite shield       |       |       |       |   158 |    36 ||   194
